 Seeded DCSS version 0.28.0-53-g5a82cb258f (webtiles) character file.

Game seed: 570102490474017323 (custom seed)

122 wilfster70 the Chopper (level 4, 41/41 HPs)
             Began as a Minotaur Fighter on July 30, 2022.
             Was a Follower of Kikubaaqudgha.
             Quit the game on level 2 of the Dungeon.
             The game lasted 00:02:28 (1446 turns).

wilfster70 the Chopper (Minotaur Fighter)           Turns: 1446, Time: 00:02:29

Health: 41/41      AC:  9    Str: 20    XL:     4   Next: 78%
Magic:  3/3        EV:  7    Int:  7    God:    Kikubaaqudgha [*.....]
Gold:   71         SH:  4    Dex: 10    Spells: 3/3 levels left

rFire   . . .      SeeInvis .   a - +0 war axe
rCold   . . .      Faith    .   c - +0 buckler
rNeg    . . .      Spirit   +   h - +0 chain mail
rPois   .          Reflect  .   (helmet restricted)
rElec   .          Harm     .   (no cloak)
rCorr   .          Rampage  .   (no gloves)
Will    .....                   (no boots)
Stlth   ..........              e - amulet of guardian spirit
HPRegen 0.13/turn               (no ring)
MPRegen 0.08/turn               (no ring)

@: studying Maces & Flails
A: horns 2, retaliatory headbutt
a: Renounce Religion, Receive Corpses


You were on level 2 of the Dungeon.
You worshipped Kikubaaqudgha.
Kikubaaqudgha was aware of your devotion.
You visited 1 branch of the dungeon, and saw 2 of its levels.

You collected 71 gold pieces.

Inventory:

Hand Weapons
 a - a +0 war axe (weapon)
Missiles
 k - 3 poisoned darts (quivered)
Armour
 c - a +0 buckler (worn)
 h - a +0 chain mail (worn)
Jewellery
 e - an amulet of guardian spirit (around neck)
 l - a ring of protection from fire
Potions
 b - 2 potions of curing
 d - a potion of might
 f - a potion of berserk rage {unknown}
 g - a potion of magic {unknown}
 i - a potion of heal wounds {unknown}
 j - a potion of mutation {unknown}


   Skills:
 + Level 4.5 Fighting
 * Level 4.7 Axes
 + Level 4.5 Armour
 - Level 3.6 Shields


You had 3 spell levels left.
You didn't know any spells.
Your spell library contained the following spells:

 Spells                   Type           Power      Damage    Failure   Level
 Animate Skeleton         Necr           0%         N/A       99%         1
 Corpse Rot               Necr/Air       0%         N/A       100%        2
 Sublimation of Blood     Necr           0%         N/A       100%        2
 Agony                    Necr           0%         N/A       100%        5


Dungeon Overview and Level Annotations

Branches:
Dungeon (2/15)

Altars:
Kikubaaqudgha


Innate Abilities, Weirdness & Mutations

You have a pair of horns on your head.
You reflexively headbutt those who attack you in melee.


Message History

You barely miss the rat. The rat barely misses you. You furiously retaliate!
You headbutt the rat.
You kill the rat!
Kikubaaqudgha accepts your kill.
You see here a rat corpse.
b - 2 potions of curing (gained 1)
Found an escape hatch in the floor.
A jackal comes into view.
Found 13 stones.
A jackal is nearby!
A jackal comes into view.
The jackal bites you but does no damage.
You slash the jackal!
You kill the jackal!
Kikubaaqudgha accepts your kill.
You slash the jackal!
You kill the jackal!
Kikubaaqudgha accepts your kill.
Things that are here:
a jackal corpse; a jackal corpse
There is an escape hatch in the floor here.
You see here 13 stones.
A kobold comes into view. It is wielding a +0 short sword.
The kobold shouts!
A quokka comes into view.
There are monsters nearby!
The kobold hits you but does no damage.
You slash the kobold!
You kill the kobold!
Kikubaaqudgha accepts your kill.
You slash the quokka!
You kill the quokka!
Kikubaaqudgha accepts your kill.
Found a notched steel ring.
Things that are here:
a +0 short sword; a quokka corpse; a kobold corpse
Okay, then.
Found 14 gold pieces.
l - a ring of protection from fire Are you sure you want to abandon this character and quit the game? (Confirm with "yes".)

###....###.#
$.≈≈.≈.♣≈. #....#
#.# ≈≈≈#≈.≈...
##.#.# ≈..≈.≈≈≈#
####.#.# ♣.≈.≈.≈#
#....#.# ♣≈≈≈♣.#
#.####.# ♣≈♣..#
##.##
#.#...###.).###.#
#....@............
####.#.##...###.##
#.#.###.## .....
..# #.........
#.....##.##
####..##.# #..# .#


There were no monsters in sight!

Vanquished Creatures
  A scorpion (D:2)
  2 adders (D:2)
  A worm (D:2)
  2 endoplasms (D:1)
  A giant cockroach (D:2)
  3 goblins
  5 hobgoblins
  2 jackals (D:2)
  A quokka (D:2)
  3 ball pythons
  5 bats (D:1)
  4 frilled lizards (D:1)
  5 kobolds
  6 rats
41 creatures vanquished.

Notes
Turn   | Place    | Note
-------+----------+-------------------------------------------
     0 | D:1      | wilfster70 the Minotaur Fighter began the quest for the
                  | Orb.
     0 | D:1      | Reached XP level 1. HP: 19/19 MP: 0/0
   243 | D:1      | Reached XP level 2. HP: 27/27 MP: 1/1
   731 | D:2      | Reached XP level 3. HP: 33/33 MP: 2/2
   813 | D:2      | Noticed a scorpion
   820 | D:2      | Killed a scorpion
   821 | D:2      | Reached XP level 4. HP: 38/41 MP: 3/3
  1357 | D:2      | Found a faded altar of an unknown god.
  1368 | D:2      | Prayed at the altar of an unknown god.
  1368 | D:2      | Became a worshipper of Kikubaaqudgha
  1368 | D:2      | Reached * piety under Kikubaaqudgha
  1368 | D:2      | Received a gift from Kikubaaqudgha
  1446 | D:2      | Quit the game

Illustrated notes

Levels and vault maps discovered:
D:1:      dpeg_cavernosity, layout_basic
D:2:      layout_loops_ring, ebering_ecumenical_altar_box, serial_rivers,
          chequers_serial_rivers_micro_e, chequers_serial_rivers_marsh,
          chequers_serial_rivers_marsh, chequers_serial_rivers_micro_d,
          chequers_serial_rivers_small_3, minmay_hedge_maze

Skill      XL: |  1  2  3 |
---------------+----------+-----
Axes           | 3 4 |  4.7
Armour         | 4 |  4.5
Fighting       | 4 |  4.5
Shields        | |  3.6

Action                   |  1- 3 |  4- 6 || total
-------------------------+-------+-------++-------
Melee: War axe           |    51 |    30 ||    81
       Headbutt          |     6 |     5 ||    11
  Use: Scroll            |     2 |       ||     2
Armor: Chain mail        |    29 |    16 ||    45
Dodge: Dodged            |    16 |     8 ||    24
Block: Buckler           |    10 |     5 ||    15
